 Dungeon Crawl Stone Soup version 0.29.1 (webtiles) character file.

Game seed: 13416750027038823734

235 sanboga the Covered (level 6, -4/39 HPs)
             Began as a Gargoyle Fighter on Sept 13, 2022.
             Splashed by a jelly's acid (8 damage)
             ... on level 4 of the Dungeon.
             The game lasted 00:04:24 (2636 turns).

sanboga the Covered (Gargoyle Fighter)              Turns: 2636, Time: 00:04:25

Health: -4/39      AC: 13    Str: 21    XL:     6   Next: 6%
Magic:  6/6        EV:  5    Int:  9    God:
Gold:   65         SH:  4    Dex:  9    Spells: 5/5 levels left

rFire   . . .      SeeInvis .   a - +0 war axe
rCold   . . .      Faith    .   c - +0 buckler
rNeg    + . .      Spirit   .   e - +0 plate armour
rPois   ∞          Reflect  .   (no helmet)
rElec   +          Harm     .   p - +0 cloak
rCorr   .          Rampage  .   (no gloves)
Will    .....                   (no boots)
Stlth   ..........              (no amulet)
HPRegen 0.13/turn               (no ring)
MPRegen 0.10/turn               (no ring)

@: corroded
A: sickness immunity, AC +4, negative energy resistance 1, electricity
resistance, torment resistance 1, petrification resistance
a: no special abilities


You were on level 4 of the Dungeon.
You visited 1 branch of the dungeon, and saw 4 of its levels.

You collected 157 gold pieces.
You spent 92 gold pieces at shops.

Inventory:

Hand Weapons
 a - a +0 war axe (weapon)
Armour
 c - a +0 buckler (worn)
 e - a +0 plate armour (worn)
 p - a +0 cloak (worn)
Wands
 r - a wand of roots (7)
Scrolls
 f - 2 scrolls of poison {unknown}
 h - 2 scrolls of identify {unknown}
 j - 3 scrolls of teleportation {unknown}
 k - 3 scrolls of blinking {unknown}
 l - a scroll of immolation {unknown}
 n - a scroll of fog {unknown}
 q - a scroll of silence {unknown}
 s - a scroll of amnesia {unknown}
 u - a scroll of summoning {unknown}
Potions
 b - 2 potions of heal wounds {unknown}
 d - 2 potions of might
 g - 2 potions of curing {unknown}
 i - 2 potions of lignification {unknown}
 m - a potion of brilliance {unknown}
 o - a potion of resistance {unknown}
 t - a potion of haste


   Skills:
 + Level 4.3 Fighting
 * Level 3.7 Axes
 + Level 4.3 Armour
 + Level 4.3 Shields


You had 5 spell levels left.
You didn't know any spells.
Your spell library was empty.

Dungeon Overview and Level Annotations

Branches:
Dungeon (4/15)
 Temple: D:4-7

Altars:
Dithmenos
Yredelemnul

Shops:
D:2 :**


Innate Abilities, Weirdness & Mutations

You are immune to sickness and miasma.
Your stone body is resilient. (AC +4)
You are immune to poison.
You resist negative energy. (rN+)
You are resistant to electric shocks. (rElec)
You are resistant to unholy torment.
You are immune to petrification.


Message History

The jelly hits you but does no damage.
The ufetubus hits you but does no damage. x2
A nearby fungus withers and dies.
There is an open door here.
The ufetubus attacks as you move away! You block the ufetubus's attack.
The ufetubus barely misses you. The ufetubus attacks as you move away!
The ufetubus hits you.
* * * LOW HITPOINT WARNING * * *
The ufetubus hits you but does no damage.
There is an open door here.
The ufetubus attacks as you move away! You block the ufetubus's attack.
The ufetubus hits you but does no damage.
The ufetubus attacks as you move away! You block the ufetubus's attack.
The ufetubus hits you.
* * * LOW HITPOINT WARNING * * *
Aiming: Fastroot
Press: ? - help, Shift-Dir - straight line The roots erupt in riotous growth!
Roots grab the ufetubus.
The grasping roots constrict the ufetubus.
You block the ufetubus's attack. The ufetubus hits you.
* * * LOW HITPOINT WARNING * * *
The grasping roots constrict the ufetubus.
The grasping roots constrict the ufetubus.
You kill the ufetubus!
There is an open door here.
You close the door.
You start resting.
Your extra speed is starting to run out.
You start resting.
You are no longer corroded.
You start resting.
You feel yourself slow down.
You start resting.
You hear a slurping noise.
The jelly eats the door!
The jelly attacks as you move away! The jelly hits you.
* * * LOW HITPOINT WARNING * * *
The acid corrodes you!
You are splashed with acid!
You die...

..# ..######## ###### ..'.......
...... ..########### #.....
..##........# #.....
..##........#### #.....
...'...........# #.....
####...........#### #.....
...............J@.# ####.....
...#...........##.# .........
...#........#####.####...........
...###..............)(...........
#### #.....######..######.#####.#
#.....# ##.....##.# #.# #.....#
#####..#.# #.# ####### ##...#
##.# ##..## #...


You could see a jelly.

Vanquished Creatures
  Sigmund (D:3)
  An adder (D:4)
  An ufetubus (D:4)
  2 dart slugs
  3 ball pythons
  3 endoplasms
  8 goblins
  3 hobgoblins
  5 kobolds
  4 quokkas
  4 bats
  9 frilled lizards
  6 rats
50 creatures vanquished.

Vanquished Creatures (others)
  A fungus (D:4)
1 creature vanquished.

Grand Total: 51 creatures vanquished

Notes
Turn   | Place    | Note
-------+----------+-------------------------------------------
     0 | D:1      | sanboga the Gargoyle Fighter began the quest for the Orb.
     0 | D:1      | Reached XP level 1. HP: 14/14 MP: 1/1
   210 | D:1      | Reached XP level 2. HP: 16/19 MP: 2/2
   888 | D:2      | Reached XP level 3. HP: 21/23 MP: 3/3
   980 | D:2      | Found Nieh's Assorted Antiques.
   989 | D:2      | Bought a scroll labelled ROMIRR HIQITZ for 23 gold pieces
   989 | D:2      | Bought a scroll labelled CUS YPLOEVI for 23 gold pieces
   989 | D:2      | Bought a scroll labelled ETADDA URHUPU for 23 gold pieces
  1130 | D:2      | Bought a scroll labelled INUNWIG NAS for 23 gold pieces
  1434 | D:2      | Found Niarchor's Book Boutique.
  1476 | D:2      | Found Lyjag's Assorted Antiques.
  1575 | D:3      | Noticed Sigmund
  1580 | D:3      | Killed Sigmund
  1581 | D:3      | Reached XP level 4. HP: 26/29 MP: 4/4
  1581 | D:3      | Reached XP level 5. HP: 30/33 MP: 5/5
  1671 | D:3      | Found a shadowy altar of Dithmenos.
  2472 | D:4      | Reached XP level 6. HP: 38/38 MP: 6/6
  2582 | D:4      | Found a basalt altar of Yredelemnul.
  2636 | D:4      | Splashed by a jelly's acid

Illustrated notes

Levels and vault maps discovered:
D:1:      psy_arrival_statuary, layout_rooms, serial_glass, glass_columns_a,
          glass_columns_c
D:2:      layout_loops_cross, serial_shops, nicolae_shop_advertising_works
          [nicolae_subvault_shop_adworks], nicolae_lakefront_shop,
          shop_fountains
D:3:      layout_basic, grunt_dithmenos_smoke_and_mirrors,
          chequers_serial_rivers_micro_e, uniq_sigmund
D:4:      layout_basic, mainiacjoe_overflow_brackets,
          mainiacjoe_overflow_tiny_flanked

Skill      XL: |  1  2  3 |
---------------+----------+-----
Axes           | 2 3 |  3.7
Fighting       | 4 |  4.3
Armour         | 4 |  4.3
Shields        | 4 |  4.3

Action                   |  1- 3 |  4- 6 || total
-------------------------+-------+-------++-------
Melee: War axe           |    91 |    46 ||   137
Evoke: Wand              |       |     1 ||     1
  Use: Potion            |     1 |     1 ||     2
Armor: Plate armour      |    67 |    46 ||   113
Dodge: Dodged            |    25 |    12 ||    37
Block: Buckler           |    22 |    15 ||    37
